 Dungeon Crawl Stone Soup version 0.30.1-4-g462c640d31 (webtiles) character file.

Game seed: 5795115957292302292

54 kingsuperguy the Chopper (level 3, -2/33 HPs)
             Began as a Hill Orc Monk on Sept 1, 2023.
             Slain by Crazy Yiuf
             ... wielding a +3 quarterstaff of chaos
              (4 damage)
             ... while petrified by Crazy Yiuf
             ... on level 2 of the Dungeon.
             The game lasted 00:01:36 (1602 turns).

kingsuperguy the Chopper (Hill Orc Monk)            Turns: 1602, Time: 00:01:37

Health: -2/33      AC:  2    Str: 15    XL:     3   Next: 91%
Magic:  3/3        EV:  2    Int: 10    God:
Gold:   96         SH:  0    Dex: 13    Spells: 2/2 levels left

rFire   . . .        a - +0 hand axe
rCold   . . .        d - orb {light}
rNeg    + + +        b - +0 robe
rPois   ∞            (no helmet)
rElec   .            (no cloak)
rCorr   .            (no gloves)
SInv    .            (no boots)
Will    .....        (no amulet)
Stlth   +            (no ring)
HPRegen 0.25/turn    (no ring)
MPRegen 0.08/turn

%: no passive effects
@: petrified, hasted, glowing
A: no striking features
a: no special abilities


You were on level 2 of the Dungeon.
You visited 1 branch of the dungeon, and saw 2 of its levels.

You collected 96 gold pieces.

Inventory:

Hand Weapons
 a - a +0 hand axe (weapon)
Armour
 b - a +0 robe (worn)
 d - an orb of light (worn)
 l - a +0 pair of gloves
Jewellery
 i - a ring of see invisible
 k - a ring of positive energy
 m - a ring of positive energy
Scrolls
 c - a scroll of teleportation {unknown}
 f - 3 scrolls of identify {unknown}
 g - 2 scrolls of magic mapping {unknown}
 o - a scroll of noise {unknown}
 q - a scroll of fear {unknown}
Potions
 e - 2 potions of attraction {unknown}
 h - 2 potions of lignification {unknown}
 j - a potion of haste
 n - a potion of heal wounds {unknown}
 p - a potion of resistance {unknown}
 r - a potion of flight {unknown}


   Skills:
 + Level 4.1 Fighting
 * Level 5.4 Axes
 + Level 2.7 Dodging


You had 2 spell levels left.
You didn't know any spells.
Your spell library contained the following spells:

 Spells                   Type           Power      Damage    Failure   Level
 Apportation              Tloc           0%         N/A       36%         1
 Freeze                   Ice            0%         1d3       36%         1
 Frozen Ramparts          Ice            0%         1d1       75%         3
 Hailstorm                Conj/Ice       0%         3d3       75%         3
 Alistair's Intoxication  Tmut/Pois      0%         N/A       100%        5


Dungeon Overview and Level Annotations

Branches:
Dungeon (2/15)

Altars:

Annotations:
D:2 Crazy Yiuf


Message History

There is an open door here.
There is an open door here.
There is an open door here.
There is an open door here.
Key pressed, stopping explore.
No target in view!
There is an open door here.
There is an escape hatch in the floor here.
Crazy Yiuf shouts!
No reachable target in view!
Could not explore, unopened runed door.
No reachable target in view!
Could not explore, unopened runed door.
No reachable target in view!
Could not explore, unopened runed door.
No reachable target in view!
You open the door. You hit Crazy Yiuf but do no damage.
Crazy Yiuf closely misses you.
You slash Crazy Yiuf!
Crazy Yiuf is moderately wounded.
Crazy Yiuf barely misses you.
You hit Crazy Yiuf.
Crazy Yiuf is heavily wounded.
Crazy Yiuf hits you with a +3 quarterstaff of chaos!
You are slowing down.
You hit Crazy Yiuf but do no damage.
Crazy Yiuf is heavily wounded.
Crazy Yiuf hits you with a +3 quarterstaff of chaos!
Crazy Yiuf freezes you.
Crazy Yiuf hits you with a +3 quarterstaff of chaos!
* * * LOW HITPOINT WARNING * * *
Crazy Yiuf freezes you.
* * * LOW HITPOINT WARNING * * *
Your limbs are stiffening.
It was a potion of haste.
You feel yourself speed up. Crazy Yiuf closely misses you.
You have turned to stone.
Crazy Yiuf hits you with a +3 quarterstaff of chaos!
* * * LOW HITPOINT WARNING * * *
Crazy Yiuf hits you with a +3 quarterstaff of chaos!
You die...

####.#.#'######.###.............#
###.#.........##.............#
#.########..##...######'####
#...# ######### #..#.# ## #####
##.#.# #. ########.#.# #. #####
### ###.#..#.#.#.# #. ##...#
#...##..#.......#.# #. #####'...#
#...g@#####.....#.# #. #........#
#)..### #.#...#.# ## #........#
### ####....#### #........#
##....... '........# #..######
#.......##### ##########...#....
..÷.....#.#.# #^##...........#..
....#####.#.# #.##.......(..#...
..÷.# #.#.# #.#..####..>..#...


You could see Crazy Yiuf.

Vanquished Creatures
  An adder (D:2)
  A worm (D:2)
  2 dart slugs
  6 ball pythons
  2 endoplasms (D:1)
  5 goblins
  2 hobgoblins (D:1)
  4 jackals (D:2)
  A kobold (D:2)
  2 quokkas
  2 bats
  2 frilled lizards
  6 rats
36 creatures vanquished.

Notes
Turn   | Place    | Note
-------+----------+-------------------------------------------
     0 | D:1      | kingsuperguy the Hill Orc Monk began the quest for the Orb.
     0 | D:1      | Reached XP level 1. HP: 19/19 MP: 1/1
   121 | D:1      | Reached XP level 2. HP: 23/27 MP: 2/2
   682 | D:2      | Reached XP level 3. HP: 29/33 MP: 3/3
   779 | D:2      | Reached skill level 5 in Axes
  1457 | D:2      | Found a runed translucent door.
  1458 | D:2      | Noticed Crazy Yiuf
  1602 | D:2      | Slain by Crazy Yiuf

Illustrated notes

Levels and vault maps discovered:
D:1:      ncdulo_lavacross, layout_rooms
D:2:      layout_basic, uniq_crazy_yiuf_cottage

Skill      XL: |  1  2  3 |
---------------+----------+-----
Fighting       | 4 |  4.1
Axes           | 5 |  5.4
Dodging        | |  2.7

Action                     || total
---------------------------++-------
  Melee: Hand axe          ||   105
    Use: Potion            ||     2
 Armour: Robe              ||    13
  Dodge: Dodged            ||    68
